 Seeded DCSS version 0.31-a0-210-gccc998df9b (webtiles) character file.

Game seed: 16931548482702210867 (custom seed)

228 innerfire43 the Trooper (level 5, -1/43 HPs)
             Began as a Demonspawn Monk on June 29, 2023.
             Was a Believer of Trog.
             Slain by an iguana (6 damage)
             ... on level 4 of the Dungeon.
             The game lasted 00:03:00 (2440 turns).

innerfire43 the Trooper (Demonspawn Monk)           Turns: 2440, Time: 00:03:01

Health: -1/43      AC:  8    Str: 13    XL:     5   Next: 71%
Magic:  5/5        EV:  7    Int: 11    God:    Trog [**....]
Gold:   197        SH:  0    Dex: 16    Spells: 4/4 levels left

rFire   . . .        u - +4 dagger (speed)
rCold   . . .        d - orb {light}
rNeg    . . .        i - +0 chain mail
rPois   .            (no helmet)
rElec   .            (no cloak)
rCorr   .            (no gloves)
SInv    .            (no boots)
Will    .....        (no amulet) Stlth
                     (no ring)
HPRegen 0.27/turn    (no ring)
MPRegen 0.09/turn

%: no passive effects
@: confused, ambrosia-drunk, glowing
A: large bone plates 1, demonic touch 1
a: Renounce Religion, Berserk, Trog's Hand


You were on level 4 of the Dungeon.
You worshipped Trog.
Trog was pleased with you.
You visited 1 branch of the dungeon, and saw 4 of its levels.

You collected 197 gold pieces.

Inventory:

Hand Weapons
 a - a +0 hand axe
 n - a +3 war axe
 u - a +4 dagger of speed (weapon)
Armour
 b - a +0 robe
 d - an orb of light (worn)
 g - a scarf of resistance
 i - a +0 chain mail (worn)
Jewellery
 w - an amulet of magic regeneration
Wands
 q - a wand of mindburst (7)
Scrolls
 e - 2 scrolls of amnesia {unknown}
 f - a scroll of immolation {unknown}
 k - a scroll of teleportation {unknown}
 m - a scroll of fear {unknown}
 o - 2 scrolls of vulnerability {unknown}
 p - 3 scrolls of identify {unknown}
 r - a scroll of blinking {unknown}
 s - a scroll of enchant armour {unknown}
Potions
 h - 2 potions of heal wounds {unknown}
 j - a potion of attraction {unknown}
 l - a potion of invisibility {unknown}
 t - a potion of cancellation {unknown}
 v - a potion of curing {unknown}


   Skills:
 * Level 4.5 Fighting
 * Level 1.8 Short Blades
 - Level 3.5 Axes
 + Level 3.8 Dodging


You had 4 spell levels left.
You didn't know any spells.
Your spell library contained the following spells:

 Spells                   Type           Power      Damage    Failure   Level
 Sting                    Tmut/Pois      0%         1d3       100%        1
 Poisonous Vapours        Pois/Air       0%         N/A       100%        2
 Summon Guardian Golem    Hex/Summ       0%         N/A       100%        3
 Olgreb's Toxic Radiance  Pois           0%         N/A       100%        4
 Orb of Destruction       Conj           0%         9d5       100%        7
 Spellforged Servitor     Conj/Summ      0%         N/A       100%        7


Dungeon Overview and Level Annotations

Branches:
Dungeon (4/15)
 Temple: D:4-7

Altars:
Nemelex Xobeh
Trog
Yredelemnul

Shops:
D:3 :


Innate Abilities, Weirdness & Mutations

You are partially covered in large bone plates. (SH +4)
Your touch may inflict minor irresistible damage on your foes.


Message History

You hit the iguana.
The iguana is moderately wounded.
The iguana bites you but does no damage.
You hit the iguana.
The iguana is moderately wounded.
You feel sick.
You are no longer poisoned.
You hit the iguana but do no damage.
The iguana is moderately wounded.
The iguana bites you.
You barely miss the iguana.
The iguana is moderately wounded.
You hit the iguana.
The iguana is moderately wounded.
The iguana bites you.
* * * LOW HITPOINT WARNING * * *
You hit the iguana but do no damage.
The iguana is moderately wounded.
The iguana bites you.
* * * LOW HITPOINT WARNING * * *
You hit the iguana but do no damage.
The iguana is moderately wounded.
You hit the iguana.
The iguana is severely wounded.
The iguana bites you.
* * * LOW HITPOINT WARNING * * *
You are confused.
You feel invigorated. The iguana bites you.
* * * LOW HITPOINT WARNING * * *
Unknown command.
You hit the iguana but do no damage.
The iguana is severely wounded.
The iguana attacks as you move away! The iguana bites you.
* * * LOW HITPOINT WARNING * * *
You hit the iguana but do no damage.
The iguana is severely wounded.
The iguana bites you.
* * * LOW HITPOINT WARNING * * *
The iguana attacks as you move away! The iguana bites you.
You die...

........####.#≈≈≈≈##
..........>).....≈.#.
.#.##..#.##..≈≈≈≈.. #
#..#.##...###.#
##.#<##..#......###.#
................##..####
##....#..####...##......
#....#†l..........#
#.....#@####.###[.###
#.###..#.# #......#.# .
#....# ####....# #..###
#...#.# #.. #.........
..# #.#######.# ... #.
.# ... # #


You could see an iguana.

Vanquished Creatures
  The ghost of Dittersdorf the Covered, an amateur GrFi (D:3)
  A scorpion (D:4)
  A gnoll (D:1)
  3 adders
  A worm (D:2)
  3 dart slugs
  An orc (D:4)
  4 endoplasms
  2 giant cockroaches
  6 goblins
  2 hobgoblins
  5 jackals
  2 kobolds (D:2)
  2 quokkas
  7 ball pythons
  5 bats
  A frilled lizard (D:3)
  6 rats
53 creatures vanquished.

Notes
Turn   | Place    | Note
-------+----------+-------------------------------------------
     0 | D:1      | innerfire43 the Demonspawn Monk began the quest for the
                  | Orb.
     0 | D:1      | Reached XP level 1. HP: 18/18 MP: 1/1
   376 | D:1      | Gained mutation: Your touch may inflict minor irresistible
                  | damage on your foes. [demonic ancestry]
   376 | D:1      | Reached XP level 2. HP: 3/24 MP: 2/2
   960 | D:2      | Gained mutation: You are partially covered in large bone
                  | plates. (SH +4) [demonic ancestry]
   960 | D:2      | Reached XP level 3. HP: 15/29 MP: 3/3
  1231 | D:2      | Found a bloodstained altar of Trog.
  1248 | D:2      | Became a worshipper of Trog the Wrathful
  1248 | D:2      | Reached * piety under Trog
  1248 | D:2      | Reached ** piety under Trog
  1529 | D:3      | Reached XP level 4. HP: 37/37 MP: 4/4
  1626 | D:3      | Found a sparkling altar of Nemelex Xobeh.
  1691 | D:3      | Found a faded altar of an unknown god.
  1740 | D:3      | Found a basalt altar of Yredelemnul.
  1993 | D:3      | Found Zuih's Book Emporium.
  2121 | D:3      | Found a runed translucent gate.
  2122 | D:3      | Found a runed translucent gate.
  2122 | D:3      | Found a runed translucent gate.
  2123 | D:3      | Noticed Dittersdorf's ghost (amateur GrFi)
  2226 | D:3      | Killed Dittersdorf's ghost
  2227 | D:3      | Reached skill level 4 in Fighting
  2227 | D:3      | Reached skill level 1 in Short Blades
  2227 | D:3      | Reached XP level 5. HP: 17/42 MP: 5/5
  2435 | D:4      | HP: 2/43 [iguana (6)]
  2440 | D:4      | Slain by an iguana

Illustrated notes

Levels and vault maps discovered:
D:1:      minmay_arrival_diagonal_passages, layout_basic
D:2:      layout_rooms, basic_altar, serial_corexii_hall,
          chequers_hall_statues_wall_a, chequers_hall_statues_wall_a
D:3:      layout_loops_ring, mainiacjoe_overflow_paths,
          nicolae_overflow_ecumenical_swirl, ebering_ghost_rock_garden,
          serial_shops, nicolae_shop_hallway_stairs
D:4:      layout_loops_ring, minmay_temple_entry_trees, serial_rivers,
          chequers_serial_rivers_small_3, chequers_serial_rivers_small_b,
          chequers_serial_rivers_room_a, chequers_serial_rivers_micro_d,
          chequers_serial_rivers_micro_e, chequers_serial_rivers_micro_b,
          minivault_24, minmay_ogre_servants

Skill      XL: |  1  2  3  4 |
---------------+-------------+-----
Axes           | 3 |  3.5
Dodging        | 3 |  3.8
Fighting       | 4 |  4.5
Short Blades   | 1 |  1.8

Action                     |  1- 3 |  4- 6 || total
---------------------------+-------+-------++-------
  Melee: Hand axe          |   105 |       ||   105
         War axe           |     1 |    37 ||    38
         Dagger            |       |    51 ||    51
  Evoke: Wand              |       |     1 ||     1
    Use: Potion            |       |     1 ||     1
 Armour: Robe              |    10 |       ||    10
         Chain mail        |    49 |    33 ||    82
  Dodge: Dodged            |    45 |    24 ||    69
  Block: Orb               |    12 |     8 ||    20

Table legend: (Time is in decaauts)
 A = Elapsed time spent in this place.
 B = Non-inter-level travel time spent in this place.
 C = Inter-level travel time spent in this place.
 D = Time resting spent in this place.
 E = Time spent auto-exploring this place.
 F = Levels seen in this place.
 G = Mean time per level.
                   A        B        C        D        E       F      G
               +--------+--------+--------+--------+--------+-----+--------+
         Total |   2447 |   2277 |    170 |      0 |   1862 |   4 |  611.8 |
       Dungeon |   2447 |   2277 |    170 |      0 |   1862 |   4 |  611.8 |
               +--------+--------+--------+--------+--------+-----+--------+

Top non-repeatable levels by time:
     D:1: 919 daAuts
     D:3: 894 daAuts
     D:2: 590 daAuts
     D:4: 44 daAuts
